 Dungeon Crawl Stone Soup version 0.32-a0-468-g38b2580584 (webtiles) character file.

Game seed: 8256839274527699215

197 CougarLife the Digger (level 5, -6/28 HPs)
             Began as a Gargoyle Earth Elementalist on Feb 25, 2024.
             Engulfed by a cloud of steam (11 damage)
             ... on level 4 of the Dungeon.
             The game lasted 00:04:14 (3798 turns).

CougarLife the Digger (Gargoyle Earth Elementalist) Turns: 3798, Time: 00:04:14

Health: -6/28      AC:  6    Str: 12    XL:     5   Next: 75%
Magic:  5/20       EV: 11    Int: 17    God:
Gold:   200        SH:  0    Dex: 10    Spells: 8/12 levels left

rFire   . . .        j - +0 dagger
rCold   . . .        (no shield)
rNeg    + . .        a - +0 robe
rPois   ∞            (no helmet)
rElec   +            (no cloak)
rCorr   .            (no gloves)
SInv    .            (no boots)
Will    .....        (no amulet)
Stlth   ++           l - ring of magical power
HPRegen 0.24/turn    (no ring)
MPRegen 0.17/turn

%: no passive effects
@: very slightly contaminated
A: sickness immunity, AC +4, negative energy resistance 1, electricity
resistance, torment resistance 1, petrification resistance
a: no special abilities


You were on level 4 of the Dungeon.
You visited 1 branch of the dungeon, and saw 4 of its levels.
You also visited: Sewer.

You collected 200 gold pieces.

Inventory:

Hand Weapons
 j - a +0 dagger (weapon)
Armour
 a - a +0 robe (worn)
Jewellery
 l - a ring of magical power (left hand)
Scrolls
 c - 4 scrolls of identify {unknown}
 d - 2 scrolls of revelation {unknown}
 e - a scroll of teleportation {unknown}
 g - a scroll of fog {unknown}
 h - a scroll of immolation {unknown}
 k - 2 scrolls of vulnerability {unknown}
 o - 2 scrolls of enchant weapon {unknown}
 p - a scroll of enchant armour {unknown}
 q - a scroll of summoning {unknown}
 t - a scroll of blinking {unknown}
Potions
 b - a potion of magic
 f - 2 potions of curing {unknown}
 i - a potion of lignification {unknown}
 m - 4 potions of enlightenment
 n - a potion of haste {unknown}
 r - a potion of brilliance {unknown}
 s - 2 potions of heal wounds {unknown}


   Skills:
 - Level 1.5 Dodging
 - Level 2.1 Stealth
 * Level 4.0 Spellcasting
 + Level 3.0 Conjurations
 + Level 4.9 Earth Magic


You had 8 spell levels left.
You knew the following spells:

 Your Spells              Type           Power      Damage    Failure   Level
a - Sandblast             Erth           40%        2d10      1%          1
b - Stone Arrow           Conj/Erth      32%        3d9       10%         3

Your spell library contained the following spells:

 Spells                   Type           Power      Damage    Failure   Level
 Passwall                 Erth           20%        N/A       6%          3
 Call Imp                 Summ           6%         N/A       24%         2
 Brom's Barrelling Bould  Conj/Erth      16%        2d4       30%         4
 Petrify                  Alch/Erth      11%        N/A       50%         4
 Summon Hydra             Summ           1%         N/A       100%        7
 Sublimation of Blood     Necr           Unusable   N/A       N/A         2

Dungeon Overview and Level Annotations

Branches:
Dungeon (4/15)              Sewer (visited)
 Temple: D:4-7

Altars:


Innate Abilities, Weirdness & Mutations

You are immune to sickness and miasma.
Your stone body is resilient. (AC +4)
You are immune to poison.
You resist negative energy. (rN+)
You are resistant to electric shocks. (rElec)
You are resistant to unholy torment.
You are immune to petrification.


Message History

Aim: a steam dragon (68% to hit)
The stone arrow hits the steam dragon!
The steam dragon is heavily wounded.
Casting: Stone Arrow (quite dangerous; 10% risk of failure)
Confirm with . or Enter, or press ? or * to list all spells.
Aiming: Stone Arrow (quite dangerous; 10% risk of failure)
Press: ? - help, Shift-Dir - straight line, f/p - steam dragon
Aim: a steam dragon (heavily wounded, 68% to hit)
The stone arrow hits the steam dragon.
The steam dragon is severely wounded.
Casting: Stone Arrow (quite dangerous; 10% risk of failure)
Confirm with . or Enter, or press ? or * to list all spells.
Aiming: Stone Arrow (quite dangerous; 10% risk of failure)
Press: ? - help, Shift-Dir - straight line, f/p - steam dragon
Aim: a steam dragon (severely wounded, 68% to hit)
The stone arrow misses the steam dragon.
The steam dragon breathes steam at you. The ball of steam hits you!!
Ouch! That really hurt!
* * * LOW HITPOINT WARNING * * *
Casting: Stone Arrow (quite dangerous; 10% risk of failure)
Confirm with . or Enter, or press ? or * to list all spells.
Aiming: Stone Arrow (quite dangerous; 10% risk of failure)
Press: ? - help, Shift-Dir - straight line, f/p - steam dragon
Aim: a steam dragon (steam, severely wounded, catching its breath, 68% to hit)
You miscast Stone Arrow.
You are very lightly contaminated with residual magic.
Nothing appears to happen.
You are engulfed in a cloud of scalding steam.
* * * LOW HITPOINT WARNING * * *
The steam dragon barely misses you. x2
Casting: Stone Arrow (quite dangerous; 10% risk of failure)
Confirm with . or Enter, or press ? or * to list all spells.
Aiming: Stone Arrow (quite dangerous; 10% risk of failure)
Press: ? - help, Shift-Dir - straight line, f/p - steam dragon
Aim: a steam dragon (steam, severely wounded, catching its breath, 68% to hit)
The stone arrow hits the steam dragon!!
You kill the steam dragon!
You are engulfed in a cloud of scalding steam.
You die...

# ## #. #. .. #.
#.#.
#...###########
#.<§§@§.†....
.......###########
#######


There were no monsters in sight!

Vanquished Creatures
  A steam dragon (D:4)
  Jessica (D:2)
  4 adders
  3 river rats (Sewer)
  2 ribbon worms
  5 dart slugs
  14 ball pythons
  13 bats
  3 endoplasms
  8 giant cockroaches
  5 goblins
  3 hobgoblins
  7 jackals
  6 quokkas
  8 frilled lizards
  7 kobolds
  5 rats
95 creatures vanquished.

Notes
Turn   | Place    | Note
-------+----------+-------------------------------------------
     0 | D:1      | CougarLife the Gargoyle Earth Elementalist began the quest
                  | for the Orb.
     0 | D:1      | Reached XP level 1. HP: 10/10 MP: 3/3
   220 | D:1      | Reached XP level 2. HP: 15/15 MP: 3/5
   758 | D:1      | Reached XP level 3. HP: 19/19 MP: 4/7
  1357 | D:2      | Identified the scarf of Joneapob {shadows, *Slow rN+ Will-
                  | Int+7}
  1359 | D:2      | Noticed Jessica
  1361 | D:2      | Killed Jessica
  1593 | D:2      | Reached XP level 4. HP: 23/24 MP: 8/8
  2217 | D:3      | Found a glowing drain.
  2233 | Sewer    | Entered a sewer
  2243 | Sewer    | Reached XP level 5. HP: 24/28 MP: 5/10
  3629 | D:3      | Learned a level 3 spell: Stone Arrow
  3791 | D:4      | Noticed a steam dragon
  3798 | D:4      | Killed a steam dragon
  3798 | D:4      | Engulfed by a cloud of steam

Illustrated notes

Levels and vault maps discovered:
D:1:      evilmike_arrival_rings, layout_basic
D:2:      layout_loops_ring, minmay_cut_off, uniq_jessica
D:3:      layout_basic, mainiacjoe_sewer_entry_somewhere_in_here_1,
          kennysheep_generic_room_11
D:4:      layout_loops_ring, minmay_temple_entry_statues_fountains

Skill      XL: |  1  2  3  4  5 |
---------------+----------------+-----
Earth Magic    | 4 |  4.9
Spellcasting   | 3 4 |  4.0
Conjurations   | 2 3 |  3.0
Dodging        | |  1.5
Stealth        | |  2.1

Action                     |  1- 3 |  4- 6 || total
---------------------------+-------+-------++-------
  Melee: Unarmed           |     6 |       ||     6
         Dagger            |     1 |     4 ||     5
   Cast: Sandblast         |    35 |   105 ||   140
         Stone Arrow       |       |     4 ||     4
 Armour: Robe              |    10 |    37 ||    47
  Dodge: Dodged            |     7 |    39 ||    46

Table legend: (Time is in decaauts)
 A = Elapsed time spent in this place.
 B = Non-inter-level travel time spent in this place.
 C = Inter-level travel time spent in this place.
 D = Time resting spent in this place.
 E = Time spent auto-exploring this place.
 F = Levels seen in this place.
 G = Mean time per level.
                   A        B        C        D        E       F      G
               +--------+--------+--------+--------+--------+-----+--------+
         Total |   4082 |   4016 |     66 |    151 |   3223 |   5 |  816.4 |
       Dungeon |   3012 |   2946 |     66 |      0 |   2571 |   4 |  753.0 |
         Sewer |   1070 |   1070 |      0 |    151 |    652 |   1 | 1070.0 |
               +--------+--------+--------+--------+--------+-----+--------+

Top non-repeatable levels by time:
     D:1: 1354 daAuts
   Sewer: 1070 daAuts
     D:2: 829 daAuts
     D:3: 819 daAuts
     D:4: 9 daAuts
